AoeStats
← FoldedAunt23528

African Clearing

510467844Analyzed
4v4 RM · 9h ago on Oct 1, 2026· 38m 43s· 8 players
Game mode
Random Map
Map size
Large (8 player)
Population
200
Speed
Normal
Resources
Standard
Victory
Conquest
Starting age
Dark Age
Ending age
Imperial Age
RankedLock teamsTeams togetherTeam positionsShared explorationLock speedFull tech treeHidden civsTurbo modeCheats
Victory
Defeat
🇨🇳 Celts · China
1382
+17
🇨🇳 Persians · China
1380
+17
🇯🇵 Spanish · Japan
1378
+17
🇦🇷 Magyars · Argentina
1360
+17
🇹🇼 Saxons · Taiwan
1462
-20
🇲🇽 Mongols · Mexico
1416
-18
🇵🇪 Varangians · Peru
1370
-16
🇨🇳 Huns · China
1324
-14
都挺好
4:30 Loom
12:35 Feudal Age
13:20 Double-Bit Axe
14:25 Horse Collar
37:25 Castle Age
39:06 Wheelbarrow
38:44 Bow Saw
FoldedAunt23528
3:44 Loom
13:46 Feudal Age
17:28 Castle Age
16:03 Double-Bit Axe
16:37 Stone Mining
17:16 Gold Mining
18:19 Bow Saw
21:41 Horse Collar
25:01 Town Watch
26:43 Wheelbarrow
29:29 Stone Shaft Mining
28:57 Heavy Plow
31:19 Fletching
32:40 Ballistics
35:54 Imperial Age
34:25 Scale Barding Armor
34:18 Bodkin Arrow
36:24 Elite Conquistador
39:04 Chain Barding Armor
38:45 Bracer
Tachibana Kanade
13:08 Loom
15:29 Feudal Age
17:59 Double-Bit Axe
21:02 Castle Age
22:22 Fletching
25:32 Scale Mail Armor
32:47 Imperial Age
32:46 Chain Mail Armor
37:46 Horse Collar
祈求好运
9:14 Loom
12:04 Feudal Age
12:30 Double-Bit Axe
15:28 Forging
15:54 Scale Barding Armor
22:10 Castle Age
19:57 Horse Collar
21:25 Bloodlines
22:11 Light Cavalry
22:52 Husbandry
23:14 Chain Barding Armor
28:50 Wheelbarrow
29:11 Gold Mining
30:19 Hand Cart
30:32 Bow Saw
32:59 Iron Casting
37:47 Imperial Age
38:13 Cavalier
Redwood MC9
10:20 Loom
10:36 Loom
13:03 Feudal Age
13:13 Man-at-Arms
15:40 Fletching
23:06 Castle Age
21:32 Stone Mining
23:01 Padded Archer Armor
23:04 Gold Mining
23:02 Double-Bit Axe
27:00 Bodkin Arrow
37:34 Leather Archer Armor
LE | Andreu
11:04 Loom
13:14 Feudal Age
16:51 Castle Age
15:16 Stone Mining
15:49 Double-Bit Axe
20:02 Town Watch
26:25 Bloodlines
28:50 Husbandry
35:44 Forging
38:48 Iron Casting
696969
9:14 Loom
12:04 Feudal Age
13:03 Double-Bit Axe
21:10 Castle Age
22:11 Bow Saw
27:55 Wheelbarrow
27:14 Horse Collar
28:38 Gold Mining
29:23 Fletching
30:15 Gold Shaft Mining
30:33 Thumb Ring
32:01 Ballistics
31:44 Padded Archer Armor
32:17 Stone Mining
32:27 Bodkin Arrow
33:30 Bloodlines
33:21 Husbandry
33:58 Leather Archer Armor
34:05 Light Cavalry
35:59 Guard Tower
37:04 Elite Skirmisher
40:35 Imperial Age
38:21 Hand Cart
37:52 Town Watch
胖过
3:04 Loom
12:40 Feudal Age
15:27 Scale Barding Armor
15:33 Forging
19:09 Double-Bit Axe
22:49 Horse Collar
24:53 Stone Mining
27:35 Castle Age
29:25 Bow Saw
29:57 Fletching
30:32 Padded Archer Armor
30:54 Gold Mining
32:42 Wheelbarrow
32:37 Padded Archer Armor
38:10 Gold Shaft Mining
Connection lost

Rejoining the realm…

Still unreachable

The connection could not be restored.

Session expired

The server has moved on; the page needs a fresh start.